 Dungeon Crawl Stone Soup version 0.27.1-1-g398f81649c (webtiles) character file.

Game seed: 2635532112784587198

534 diana the Ducker (level 7, -3/51 HPs)
             Began as a Djinni Gladiator on Sept 19, 2021.
             Was an Initiate of Makhleb.
             Slain by an ogre (29 damage)
             ... on level 5 of the Dungeon.
             The game lasted 00:05:54 (5992 turns).

diana the Ducker (Djinni Gladiator)                 Turns: 5992, Time: 00:05:54

Health: -3/51      AC:  4    Str: 14    XL:     7   Next: 49%
Gold:   231        EV: 13    Int: 11    God:    Makhleb [......] SH:  5 Dex: 14

rFire    + + +     SeeInvis .   a - +0 long sword
rCold    x x .     Faith    .   (no shield)
rNeg     . . .     Spirit   .   b - +0 leather armour
rPois    ∞         Reflect  +   c - +0 helmet
rElec    .         Harm     .   (no cloak)
rCorr    .         Rampage  .   (no gloves)
Will     .....                  (boots unavailable)
Stlth    +.........             r - amulet of reflection
HPRegen  0.17/turn              n - ring of fire
MPRegen  0.00/turn              (no ring)

@: flying
A: sickness immunity, fire resistance 2, cold vulnerability 1, float, innate
caster, hp casting, extra vitality 1
a: Renounce Religion


You were on level 5 of the Dungeon.
You worshipped Makhleb.
Makhleb was noncommittal.
You visited 2 branches of the dungeon, and saw 6 of its levels.

You collected 231 gold pieces.

Inventory:

Hand Weapons
 a - a +0 long sword (weapon)
Missiles
 d - 3 throwing nets (quivered)
Armour
 b - a +0 leather armour (worn)
 c - a +0 helmet (worn)
Jewellery
 n - a ring of fire (left hand)
 r - an amulet of reflection (around neck)
Wands
 m - a wand of polymorph (6)
 s - a wand of acid (5)
 w - a wand of mindburst (8)
Scrolls
 e - 5 scrolls of amnesia {unknown}
 h - 3 scrolls of teleportation {unknown}
 j - 3 scrolls of identify {unknown}
 l - 2 scrolls of magic mapping {unknown}
 p - a scroll of enchant weapon {unknown}
 u - a scroll of blinking {unknown}
 v - a scroll of torment {unknown}
 x - a scroll of noise {unknown}
Potions
 f - 2 potions of heal wounds {unknown}
 g - 3 potions of curing {unknown}
 i - a potion of flight {unknown}
 k - a potion of might {unknown}
 o - a potion of brilliance {unknown}
 q - a potion of resistance {unknown}
 t - a potion of haste {unknown}


   Skills:
 + Level 3.9 Fighting
 + Level 4.0 Long Blades
 - Level 1.5 Throwing
 + Level 3.1 Armour
 + Level 5.0 Dodging
 + Level 1.9 Spellcasting


You had 4 spell levels left.
You knew the following spells:

 Your Spells              Type           Power      Damage    Failure   Level
a - Animate Skeleton      Necr           10%        N/A       17%         1
b - Searing Ray           Conj           10%        3d3       26%         2
c - Wereblood             Tmut           5%         N/A       26%         2
Your spell library was empty.

Dungeon Overview and Level Annotations

Branches:
Dungeon (5/15)             Temple (1/1) D:4

Altars:
Ashenzari
Cheibriados
Dithmenos
Elyvilon
Gozag
Kikubaaqudgha
Makhleb
Nemelex Xobeh
Okawaru
Qazlal
Ru
Sif Muna
Uskayaw
Wu Jian
Xom
Yredelemnul
Zin
The Shining One


Innate Abilities, Weirdness & Mutations

You are immune to sickness and miasma.
You are immune to poison.
Your flesh is very heat resistant. (rF++)
You are vulnerable to cold. (rC-)
You float through the air rather than walking.
You learn spells naturally, not from books.
Your magical power is your life essence.
You have superior vitality. (+4 HP)


Message History

The iguana is almost dead.
The iguana barely misses you.
You closely miss the iguana.
The iguana is almost dead.
The iguana barely misses you.
You closely miss the iguana.
The iguana is almost dead.
The iguana completely misses you.
You hit the iguana.
You kill the iguana!
Makhleb accepts your kill.
Your Dodging skill increases to level 5!
No target in view!
No target in view!
No target in view!
No target in view!
No target in view!
No target in view!
No target in view!
No target in view!
HP restored.
Found 8 gold pieces.
Found a scroll labelled QEHO BIRATO.
Found a scroll labelled POEXTOS ZIBUM.
An ogre comes into view. It is wielding a +0 giant club.
The ogre shouts!
You see here 8 gold pieces.
An ogre is nearby!
You barely miss the ogre. The ogre misses you.
You riposte.
You hit the ogre.
The ogre is lightly wounded.
You slash the ogre!
The ogre is moderately wounded.
The ogre hits you with a +0 giant club!!
You hit the ogre.
The ogre is moderately wounded.
You slash the ogre!
The ogre is severely wounded.
The ogre hits you with a +0 giant club!!
Ouch! That really hurt!
You die...

#.....................
###.........##<........
##..............#.......
................#.......
#..........##...........
#..........###.##.####..
#?.....$.......#### .
..#.......#.##.#
#....@.##..#.#
##...O.......#
#........###....
#.......?# ....
#.......## ##.......
#....... #..##...


You could see an ogre.

Vanquished Creatures
  Sigmund (D:3)
  2 hounds (D:4)
  An orc priest (D:3)
  Ijyb (D:3)
  An iguana (D:5)
  Robin (D:3)
  3 gnolls (D:3)
  7 adders
  2 howler monkey skeletons (D:4)
  An adder skeleton (D:4)
  2 worms
  2 dart slugs (D:4)
  3 orcs
  9 ball pythons
  9 endoplasms
  3 giant cockroaches
  15 goblins
  12 hobgoblins
  6 jackals
  5 quokkas
  4 bats
  3 frilled lizards
  4 kobolds
  3 rats
100 creatures vanquished.

Notes
Turn   | Place    | Note
-------+----------+-------------------------------------------
     0 | D:1      | diana the Djinni Gladiator began the quest for the Orb.
     0 | D:1      | Reached XP level 1. HP: 18/18 MP: 0/0
   102 | D:1      | Reached XP level 2. HP: 20/23 MP: 0/0
   281 | D:1      | Found a faded altar of an unknown god.
   562 | D:1      | Reached skill level 1 in Armour
   567 | D:1      | Reached XP level 3. HP: 18/29 MP: 0/0
   567 | D:1      | Learned a level 1 spell: Animate Skeleton
  1328 | D:2      | Reached XP level 4. HP: 32/34 MP: 0/0
  2385 | D:3      | Reached skill level 4 in Dodging
  2499 | D:3      | Noticed Sigmund
  2802 | D:3      | Noticed Ijyb
  2826 | D:3      | Killed Ijyb
  2827 | D:3      | Reached XP level 5. HP: 38/40 MP: 0/0
  2827 | D:3      | Learned a level 2 spell: Searing Ray
  3666 | D:3      | Noticed Robin
  3716 | D:3      | Killed Robin
  3722 | D:3      | Reached skill level 1 in Spellcasting
  3726 | D:3      | Reached XP level 6. HP: 14/46 MP: 0/0
  4456 | D:3      | Killed Sigmund
  4457 | D:3      | Reached XP level 7. HP: 37/51 MP: 0/0
  4457 | D:3      | Learned a level 2 spell: Wereblood
  4919 | D:4      | Found a staircase to the Ecumenical Temple.
  4955 | Temple   | Entered the Ecumenical Temple
  5266 | Temple   | Became a worshipper of Makhleb the Destroyer
  5846 | D:5      | Entered Level 5 of the Dungeon
  5858 | D:5      | Reached skill level 5 in Dodging
  5992 | D:5      | Slain by an ogre

Illustrated notes

Levels and vault maps discovered:
D:1:      zaba_arrival_water, layout_loops_cross, ebering_ecumenical_altar_box
D:2:      layout_basic, grunt_ministairs_11, solitary_fountain, kennysheep_boxes
D:3:      layout_basic, uniq_sigmund, uniq_ijyb, uniq_robin
D:4:      layout_rooms, minmay_temple_entry_stoned_glass,
          cheibrodos_sewer_entry_drain, kennysheep_generic_room_5
D:5:      minmay_clustersquares, layout_cave_pools, serial_shops,
          nicolae_take_the_stairs, nicolae_shop_stone, nicolae_stop_n_shop_1,
          nicolae_shop_waterfront, shop_statue, uniq_blork_the_orc
Temple:   dpeg_five_rooms_temple

Skill      XL: |  1  2  3  4  5  6  7 |
---------------+----------------------+-----
Armour         | 1 2 3 |  3.1
Long Blades    | 3 4 |  4.0
Dodging        | 4 5 |  5.0
Fighting       | 3 |  3.9
Spellcasting   | 1 |  1.9
Throwing       | |  1.5

Action                   |  1- 3 |  4- 6 |  7- 9 || total
-------------------------+-------+-------+-------++-------
Melee: Long sword        |    78 |   179 |    88 ||   345
 Stab: Sleeping          |     1 |       |     1 ||     2
Armor: Leather armour    |    28 |    29 |     8 ||    65
       Skin              |       |     2 |       ||     2
Dodge: Dodged            |    63 |   155 |    52 ||   270
Block: Other             |       |       |    18 ||    18
       Rpst.: Long sword |    21 |    56 |    16 ||    93
